 Dungeon Crawl Stone Soup version 0.31-a0-188-g5e087ee2ca (webtiles) character file.

Game seed: 947279956323832203

36198 qw the Markself (level 13, -3/78 HPs)
             Began as a Deep Elf Hunter on June 22, 2023.
             Was an Elder of Okawaru.
             Slain by a spriggan
             ... wielding a +0 dagger
              (12 damage)
             ... on level 5 of the Lair of Beasts.
             The game lasted 00:05:53 (12662 turns).

qw the Markself (Deep Elf Hunter)                  Turns: 12662, Time: 00:05:54

Health: -3/78      AC: 15    Str: 10    XL:     13   Next: 51%
Magic:  29/29      EV: 29    Int: 21    God:    Okawaru [****..]
Gold:   821        SH:  5    Dex: 26    Spells: 12/12 levels left

rFire   + . .        x - +6 longbow (flame)
rCold   + . .        (shield currently unavailable)
rNeg    . . .        j - +1 leather armour {rPois}
rPois   +            f - +2 helmet
rElec   .            l - scarf {rC+ rF+}
rCorr   .            k - +2 pair of gloves
SInv    +            o - +2 pair of boots
Will    +....        u - amulet of reflection
Stlth   ++++         g - ring of Rucw {MP+9 Int+5 Slay+3 SInv}
HPRegen 0.33/turn    y - +6 ring of dexterity
MPRegen 0.21/turn

%: reflection
@: heroic
A: hooves 1, low MP 1
a: Renounce Religion, Heroism, Finesse


You were on level 5 of the Lair of Beasts.
You worshipped Okawaru.
Okawaru was greatly pleased with you.
You visited 3 branches of the dungeon, and saw 17 of its levels.

You collected 956 gold pieces.
You spent 135 gold pieces at shops.


Innate Abilities, Weirdness & Mutations

You have large cloven feet.
Your magical capacity is low. (-10% MP)


   Skills:
 - Level 8.2(13.2) Fighting
 - Level 20.0(25.0) Ranged Weapons
 - Level 3.1(8.1) Armour
 + Level 13.9(18.9) Dodging
 - Level 1.2(6.2) Stealth
 - Level 10.1 Invocations


You had 12 spell levels left.
You didn't know any spells.
Your spell library was empty.

Inventory:

Hand Weapons
 x - a +6 longbow of flaming (weapon)
Armour
 a - the +2 ring mail "Tipraill" {Harm rF+ rC+}
   (You found it on level 2 of the Dungeon)

   rF:        It protects you from fire.
   rC:        It protects you from cold.
   Harm:      It increases damage dealt and taken.
 d - a +0 troll leather armour
 f - a +2 helmet (worn)
 i - a +2 cloak
 j - a +1 leather armour of poison resistance (worn)
 k - a +2 pair of gloves (worn)
 l - a scarf of resistance (worn)
 o - a +2 pair of boots (worn)
Jewellery
 g - the ring of Rucw (left hand) {MP+9 Int+5 Slay+3 SInv}
   (You found it on level 3 of the Lair of Beasts)

   [ring of see invisible]

   Int:       It affects your intelligence (+5).
   Slay:      It affects your accuracy & damage with ranged weapons and melee
   (+3).
   MP:        It affects your magic capacity (+9).
   SInv:      It lets you see invisible.
 t - a ring of fire
 u - an amulet of reflection (around neck)
 y - a +6 ring of dexterity (right hand)
Wands
 q - a wand of digging (8)
Scrolls
 h - 5 scrolls of identify
 s - a scroll of enchant armour
 w - 2 scrolls of teleportation
Potions
 b - 3 potions of curing
 e - a potion of might
 m - 2 potions of enlightenment
 n - 4 potions of haste
 p - 2 potions of mutation

Dungeon Overview and Level Annotations

Branches:
Dungeon (11/15)            Temple (1/1) D:5            Lair (5/5) D:11
 Shoals (0/4) Lair:3       Spider (0/4) Lair:2          Orc (0/2) D:9
  Slime: Lair:4-5

Altars:
Ashenzari
Cheibriados
Dithmenos
Elyvilon
Fedhas
Gozag
Hepliaklqana
Kikubaaqudgha
Makhleb
Nemelex Xobeh
Okawaru
Qazlal
Ru
Sif Muna
Trog
Uskayaw
Vehumet
Wu Jian
Xom
Yredelemnul
Zin
The Shining One

Shops:
D:5 [   D:10 *(

Portals:
Trove: D:10 (give 10 potions of heal wounds)

Annotations:
D:3 1 runed translucent door, qw's ghost, amateur DEHu
D:6 3 runed translucent doors, qw's ghost, novice GrFi


Message History

Okawaru accepts your kill.
The boggart gestures wildly while chanting.
The boggart blinks!
The wolf completely misses you. You block the wolf's attack.
The wolf misses you.
You shoot an arrow. The arrow hits the wolf!
The arrow burns the wolf.
The wolf is heavily wounded.
The wolf completely misses you. x2
The spriggan rider hits you from afar with a +0 spear.
The wolf bites you.
You shoot an arrow. The arrow hits the wolf!
The arrow burns the wolf.
You kill the wolf!
Okawaru accepts your kill. The wolf completely misses you.
The wolf bites you but does no damage.
The spriggan rider completely misses you.
You shoot an arrow. The arrow hits the wolf!
The arrow burns the wolf.
The wolf is severely wounded.
You block the wolf's attack. The wolf closely misses you.
The spriggan rider completely misses you.
You shoot an arrow. The arrow hits the hornet!!
The arrow burns the hornet.
The hornet is severely wounded.
You shoot an arrow. The arrow hits the hornet!!!
The arrow burns the hornet.
You kill the hornet!
Okawaru accepts your kill. The wolf bites you. The wolf barely misses you.
You block the spriggan rider's attack. The wolf bites you but does no damage.
The yak snorts and paws the ground.
You shoot an arrow. The arrow completely misses the wolf.
The wolf bites you but does no damage. You block the spriggan's attack.
The wolf barely misses you.
The spriggan rider completely misses you.
You shoot an arrow. The arrow hits the wolf!!
The arrow burns the wolf.
You kill the wolf!
Okawaru accepts your kill. The wolf misses you.
You shoot an arrow. The arrow hits the spriggan!
The arrow burns the spriggan.
The spriggan is severely wounded.
The wolf closely misses you.
The spriggan rider hits you from afar with a +0 spear!!
The spriggan hits you with a +0 dagger!
You die... 7.... ...Y ..Y YY7 ### YY .7##.. 7.77 7..#.. 7ih77 7..... 7ih7 7..... 7. 77h@7

77....
7.7 7..77
7.....
7.. 7..7
7.....
7.. 7.77
77.....
7.777.7
77......
77..7.77
7.......
7..7..7
7..#.##.
7...7..7
777..####
77.777..7
77....#


You could see 2 elephants, a spriggan rider, a polar bear, 4 yaks, a spriggan
and 2 wolves.

Vanquished Creatures
  Gastronok (Lair:2)
  Fannar (D:11)
  3 two-headed ogres
  3 catoblepae
  A boulder beetle (D:11)
  5 death yaks (Lair:1)
  Amaemon (D:11)
  An oklob plant (D:11)
  Joseph (D:7)
  3 black mambas
  A torpor snail (Lair:1)
  An orange demon (D:11)
  8 komodo dragons
  4 cane toads
  3 rime drakes
  4 polar bears
  3 meliai (D:10)
  5 blink frogs (Lair:1)
  2 trolls
  3 hornets
  Grinder (D:3)
  A dream sheep (Lair:5)
  2 culicivoras (Lair:2)
  Sigmund (D:2)
  A spriggan (Lair:5)
  2 shadows
  50 yaks
  A wraith (D:10)
  6 basilisks
  3 wyverns
  2 steam dragons
  11 water moccasins
  An acid dragon (D:9)
  4 orc warriors
  3 black bears
  3 ice beasts
  2 ogres
  9 wolves
  A centaur (D:6)
  2 kobold brigands
  A phantom (D:5)
  14 bullfrogs
  5 scorpions
  10 wights
  17 killer bees
  8 howler monkeys
  3 electric eels (Lair:2)
  A lava snake (D:10)
  4 hounds
  A jelly (D:5)
  10 orc priests
  2 gnoll boudas
  An iguana (D:5)
  Ijyb (D:3)
  3 sleepcaps
  Terence (D:3)
  7 orc wizards
  6 hell rats (Lair:3)
  12 gnolls
  5 adders
  2 shadow imps
  A white imp (D:6)
  A worm (D:2)
  A dart slug (D:3)
  35 orcs
  3 ball pythons
  5 endoplasms
  5 giant cockroaches
  12 goblins
  9 hobgoblins
  7 jackals
  13 kobolds
  2 quokkas
  4 bats
  2 frilled lizards (D:3)
  3 rats
377 creatures vanquished.

Notes
Turn   | Place    | Note
-------+----------+-------------------------------------------
     0 | D:1      | qw the Deep Elf Hunter began the quest for the Orb.
     0 | D:1      | Reached XP level 1. HP: 12/12 MP: 3/3
     0 | D:1      | 0 ||| qw: Version: 0.3-a-9-g12657ce
     0 | D:1      | 0 ||| qw: Game counter: 2909
     0 | D:1      | 0 ||| qw: Always use a shield: true
     0 | D:1      | 0 ||| qw: God list: Okawaru
     0 | D:1      | 0 ||| qw: Allow faded altars: false
     0 | D:1      | 0 ||| qw: Do Orc after D:15 true
     0 | D:1      | 0 ||| qw: Do second Lair branch before Depths: true
     0 | D:1      | 0 ||| qw: Lair rune preference: random
     0 | D:1      | 0 ||| qw: Plans: Normal
     0 | D:1      | 0 ||| PLANNING D:1-11
   117 | D:1      | Reached XP level 2. HP: 16/16 MP: 4/4
   123 | D:1      | Reached skill level 6 in Ranged Weapons
   323 | D:1      | Reached XP level 3. HP: 20/20 MP: 5/5
   600 | D:1      | 600 ||| UPGRADING to +2 helmet.
   605 | D:1      | 605 ||| READING scroll labelled ASUWKOKETE.
   606 | D:1      | 606 ||| READING 3 scrolls labelled GUT ODDAOTZU.
   607 | D:1      | 607 ||| READING 2 scrolls of identify.
   607 | D:1      | 607 ||| IDENTIFYING smoky inky potion
   608 | D:1      | 608 ||| DROPPING scroll of butterflies.
   691 | D:2      | Noticed Sigmund
   694 | D:2      | Reached skill level 7 in Ranged Weapons
   717 | D:2      | HP: 5/20 [something (5)]
   719 | D:2      | Killed Sigmund
   720 | D:2      | Reached skill level 9 in Ranged Weapons
   720 | D:2      | Reached XP level 4. HP: 6/25 MP: 6/6
   720 | D:2      | Reached XP level 5. HP: 8/29 MP: 7/7
   816 | D:2      | Identified the +2 ring mail "Tipraill" {Harm rF+ rC+}
  1212 | D:2      | 1212 ||| UPGRADING to +0 cloak.
  1217 | D:2      | 1217 ||| UPGRADING to +0 pair of gloves.
  1222 | D:2      | 1222 ||| UPGRADING to ring of protection from cold.
  1223 | D:2      | 1223 ||| READING scroll labelled URAWASHOAR.
  1588 | D:3      | Noticed Ijyb
  1594 | D:3      | Reached skill level 3 in Dodging
  1605 | D:3      | Killed Ijyb
  1707 | D:3      | Noticed Terence
  1714 | D:3      | Killed Terence
  1715 | D:3      | Reached XP level 6. HP: 35/35 MP: 8/8
  1743 | D:3      | Found a runed translucent door.
  1743 | D:3      | Noticed qw's ghost (amateur DEHu)
  1823 | D:3      | Noticed Grinder
  1828 | D:3      | Paralysed by Grinder for 5 turns
  1840 | D:3      | 1840 ||| FLEEEEING.
  1845 | D:3      | 1845 ||| FLEEEEING.
  1846 | D:3      | 1846 ||| FLEEEEING.
  1851 | D:3      | HP: 3/35 [Grinder/nerve-wracking pain (12)]
  1852 | D:3      | 1852 ||| DRINKING 2 potions of heal wounds.
  1857 | D:3      | Killed Grinder
  1858 | D:3      | Reached skill level 10 in Ranged Weapons
  2233 | D:3      | 2233 ||| UPGRADING to +2 pair of boots.
  2238 | D:3      | 2238 ||| UPGRADING to +0 ring mail.
  2248 | D:3      | 2248 ||| DROPPING +0 leather armour.
  2249 | D:3      | 2249 ||| UPGRADING to amulet of reflection.
  2254 | D:3      | 2254 ||| READING scroll labelled XIMYLOU PIVVANK.
  2254 | D:3      | Identified a scroll of acquirement
  2254 | D:3      | 2254 ||| ACQUIRING +2 longbow of flaming
  2254 | D:3      | Acquired a +2 longbow of flaming
  2256 | D:3      | 2256 ||| SWAPPING to +2 longbow of flaming.
  2257 | D:3      | 2257 ||| DROPPING +0 shortbow.
  2258 | D:3      | 2258 ||| READING scroll labelled GAWAXA NUEMIEDAOSCH.
  2297 | D:3      | 2297 ||| READING scroll labelled VOEVAB MERI.
  2358 | D:3      | 2358 ||| READING scroll labelled ROSHEONKEMUL.
  2359 | D:3      | 2359 ||| DRINKING 2 sedimented puce potions.
  2360 | D:3      | 2360 ||| READING 3 scrolls of identify.
  2360 | D:3      | 2360 ||| IDENTIFYING dark potion
  2361 | D:3      | 2361 ||| READING 2 scrolls of identify.
  2361 | D:3      | 2361 ||| IDENTIFYING metallic purple potion
  2362 | D:3      | 2362 ||| DROPPING potion of attraction.
  2363 | D:3      | 2363 ||| DROPPING potion of lignification.
  2398 | D:4      | Reached skill level 1 in Armour
  2398 | D:4      | Reached XP level 7. HP: 40/40 MP: 9/9
  2460 | D:4      | 2460 ||| Stepping ~*~*~tactically~*~*~ (outnumbered).
  2681 | D:4      | Reached skill level 11 in Ranged Weapons
  2915 | D:4      | 2915 ||| READING 3 scrolls labelled RYEGOQ DIGEINLODUM.
  2916 | D:4      | 2916 ||| READING 2 scrolls of enchant armour.
  2916 | D:4      | 2916 ||| ENCHANTING +0 pair of gloves.
  2917 | D:4      | 2917 ||| READING scroll of enchant armour.
  2917 | D:4      | 2917 ||| ENCHANTING +1 pair of gloves.
  2918 | D:4      | 2918 ||| READING scroll labelled VEFORY HATIOC.
  2919 | D:4      | 2919 ||| READING scroll labelled GAEMEZ HIDE.
  3020 | D:4      | 3020 ||| READING scroll labelled JUINAMMOUD.
  3021 | D:4      | 3021 ||| DRINKING 2 coppery potions.
  3047 | D:5      | Entered Level 5 of the Dungeon
  3144 | D:5      | 3144 ||| FLEEEEING.
  3145 | D:5      | 3145 ||| FLEEEEING.
  3146 | D:5      | 3146 ||| FLEEEEING.
  3147 | D:5      | 3147 ||| FLEEEEING.
  3148 | D:5      | 3148 ||| FLEEEEING.
  3149 | D:5      | 3149 ||| FLEEEEING.
  3150 | D:5      | 3150 ||| FLEEEEING.
  3151 | D:5      | 3151 ||| FLEEEEING.
  3152 | D:5      | 3152 ||| FLEEEEING.
  3156 | D:5      | 3156 ||| FLEEEEING.
  3157 | D:5      | 3157 ||| FLEEEEING.
  3158 | D:5      | 3158 ||| FLEEEEING.
  3159 | D:5      | 3159 ||| FLEEEEING.
  3160 | D:5      | 3160 ||| FLEEEEING.
  3161 | D:5      | 3161 ||| FLEEEEING.
  3162 | D:5      | 3162 ||| FLEEEEING.
  3163 | D:5      | 3163 ||| FLEEEEING.
  3166 | D:5      | 3166 ||| FLEEEEING.
  3168 | D:5      | 3168 ||| FLEEEEING.
  3173 | D:5      | 3173 ||| FLEEEEING.
  3174 | D:5      | 3174 ||| FLEEEEING.
  3175 | D:5      | 3175 ||| FLEEEEING.
  3176 | D:5      | 3176 ||| FLEEEEING.
  3181 | D:5      | 3181 ||| FLEEEEING.
  3190 | D:5      | 3190 ||| STAIRDANCE
  3260 | D:5      | Reached skill level 12 in Ranged Weapons
  3308 | D:5      | Reached XP level 8. HP: 45/45 MP: 10/10
  3341 | D:5      | Reached skill level 3 in Fighting
  3349 | D:5      | Found a staircase to the Ecumenical Temple.
  3350 | D:5      | 3350 ||| PLANNING TEMPLE
  3362 | Temple   | Entered the Ecumenical Temple
  3362 | Temple   | Found a transporter.
  3362 | Temple   | Found a transporter.
  3364 | Temple   | Found a transporter.
  3364 | Temple   | Found a transporter.
  3374 | Temple   | 3374 ||| PLANNING D:1-11
  3389 | Temple   | 3389 ||| PLANNING OKAWARU WORSHIP
  3394 | Temple   | Became a worshipper of Warmaster Okawaru
  3395 | Temple   | 3395 ||| PLANNING D:1-11
  3748 | D:5      | Found Tristan's Dragon-Slaying Spoils.
  3755 | D:5      | 3755 ||| SHOPLISTING +0 acid dragon scales (440 gold, have
                  | 241).
  3755 | D:5      | 3755 ||| SHOPLISTING +0 fire dragon scales (660 gold, have
                  | 241).
  3755 | D:5      | 3755 ||| SHOPLISTING +0 ice dragon scales (660 gold, have
                  | 241).
  3755 | D:5      | 3755 ||| SHOPLISTING +0 pearl dragon scales (1100 gold,
                  | have 241).
  3755 | D:5      | 3755 ||| SHOPLISTING +0 swamp dragon scales (550 gold, have
                  | 241).
  3755 | D:5      | 3755 ||| SHOPLISTING quicksilver dragon scales (660 gold,
                  | have 241).
  3767 | D:5      | 3767 ||| UPGRADING to +6 ring of strength.
  3768 | D:5      | 3768 ||| READING 2 scrolls of identify.
  3768 | D:5      | 3768 ||| IDENTIFYING murky golden potion
  3862 | D:6      | Found a snail-covered altar of Cheibriados.
  3927 | D:6      | Found a stormy altar of Qazlal.
  3931 | D:6      | Reached skill level 13 in Ranged Weapons
  3984 | D:6      | 3984 ||| Stepping ~*~*~tactically~*~*~ (outnumbered).
  3986 | D:6      | 3986 ||| Stepping ~*~*~tactically~*~*~ (outnumbered).
  4100 | D:6      | Reached * piety under Okawaru
  4102 | D:6      | Reached skill level 1 in Invocations
  4104 | D:6      | 4104 ||| FLEEEEING.
  4105 | D:6      | 4105 ||| FLEEEEING.
  4106 | D:6      | 4106 ||| FLEEEEING.
  4107 | D:6      | 4107 ||| FLEEEEING.
  4108 | D:6      | 4108 ||| FLEEEEING.
  4109 | D:6      | 4109 ||| FLEEEEING.
  4110 | D:6      | 4110 ||| FLEEEEING.
  4137 | D:6      | 4137 ||| INVOKING Heroism.
  4138 | D:6      | 4138 ||| Stepping ~*~*~tactically~*~*~ (outnumbered).
  4191 | D:6      | Reached XP level 9. HP: 50/50 MP: 12/12
  4254 | D:6      | Found a runed translucent gate.
  4254 | D:6      | Found a runed translucent gate.
  4254 | D:6      | Noticed qw's ghost (novice GrFi)
  4256 | D:6      | Found a runed translucent gate.
  4525 | D:6      | 4525 ||| READING 2 scrolls labelled KIHYSTR DEDEB.
  4526 | D:6      | 4526 ||| READING scroll of enchant weapon.
  4526 | D:6      | 4526 ||| ENCHANTING +3 longbow of freezing.
  4543 | D:7      | 4543 ||| INVOKING Heroism.
  4548 | D:7      | Reached skill level 14 in Ranged Weapons
  4628 | D:7      | 4628 ||| Stepping ~*~*~tactically~*~*~ (outnumbered).
  4631 | D:7      | Reached skill level 3 in Invocations
  4633 | D:7      | 4633 ||| INVOKING Heroism.
  4634 | D:7      | HP: 8/50 [killer bee (6)]
  4635 | D:7      | 4635 ||| DRINKING 3 potions of heal wounds.
  4637 | D:7      | 4637 ||| DRINKING 2 potions of heal wounds.
  4641 | D:7      | HP: 12/50 [poisoned by a killer bee]
  4642 | D:7      | 4642 ||| DRINKING potion of heal wounds.
  4656 | D:7      | 4656 ||| FLEEEEING.
  4657 | D:7      | 4657 ||| FLEEEEING.
  4667 | D:7      | 4667 ||| INVOKING Heroism.
  4783 | D:7      | 4783 ||| INVOKING Heroism.
  4839 | D:7      | 4839 ||| INVOKING Heroism.
  4893 | D:7      | Reached skill level 15 in Ranged Weapons
  4902 | D:7      | Reached skill level 6 in Dodging
  5008 | D:7      | 5008 ||| INVOKING Heroism.
  5065 | D:7      | Found a flagged portal.
  5339 | D:7      | Noticed Joseph
  5340 | D:7      | 5340 ||| Stepping ~*~*~tactically~*~*~ (outnumbered).
  5347 | D:7      | 5347 ||| INVOKING Heroism.
  5348 | D:7      | HP: 10/45 [Joseph/sling bullet (6)]
  5349 | D:7      | Killed Joseph
  5522 | D:7      | 5522 ||| READING scroll labelled TIRPHI QUEMN.
  5523 | D:7      | 5523 ||| DRINKING 3 fizzy blue potions.
  5523 | D:7      | Gained mutation: Your magical capacity is low. (-10% MP)
                  | [potion of mutation]
  5523 | D:7      | Gained mutation: You have large cloven feet. [potion of
                  | mutation]
  5552 | D:8      | 5552 ||| INVOKING Heroism.
  5572 | D:8      | 5572 ||| INVOKING Heroism.
  5574 | D:8      | Reached XP level 10. HP: 58/58 MP: 10/13
  5731 | D:8      | Found a shadowy altar of Dithmenos.
  5737 | D:8      | Reached skill level 16 in Ranged Weapons
  5777 | D:8      | Noticed a two-headed ogre
  5778 | D:8      | 5778 ||| INVOKING Heroism.
  5783 | D:8      | Killed a two-headed ogre
  5802 | D:8      | Reached ** piety under Okawaru
  5882 | D:8      | 5882 ||| INVOKING Heroism.
  5913 | D:8      | Reached skill level 17 in Ranged Weapons
  6054 | D:9      | Reached *** piety under Okawaru
  6061 | D:9      | 6061 ||| INVOKING Heroism.
  6192 | D:9      | 6192 ||| Stepping ~*~*~tactically~*~*~ (outnumbered).
  6305 | D:9      | 6305 ||| INVOKING Heroism.
  6314 | D:9      | Reached skill level 18 in Ranged Weapons
  6322 | D:9      | Noticed a two-headed ogre
  6328 | D:9      | HP: 11/58 [two-headed ogre/+0 giant spiked club (11)]
  6329 | D:9      | 6329 ||| READING scroll of teleportation.
  6330 | D:9      | 6330 ||| INVOKING Heroism.
  6334 | D:9      | Killed a two-headed ogre
  6335 | D:9      | Reached XP level 11. HP: 14/64 MP: 11/14
  6337 | D:9      | HP: 8/64 [orc priest/nerve-wracking pain (6)]
  6602 | D:9      | Reached skill level 3 in Armour
  6648 | D:9      | Found a staircase to the Orcish Mines.
  6690 | D:9      | Reached **** piety under Okawaru
  7017 | D:9      | 7017 ||| INVOKING Heroism.
  7033 | D:9      | 7033 ||| UPGRADING to +1 leather armour of poison
                  | resistance.
  7043 | D:9      | 7043 ||| DRINKING 2 green potions.
  7044 | D:9      | 7044 ||| READING 5 scrolls of identify.
  7044 | D:9      | 7044 ||| IDENTIFYING metallic emerald potion
  7045 | D:9      | 7045 ||| DROPPING potion of brilliance.
  7062 | D:10     | Entered Level 10 of the Dungeon
  7063 | D:10     | 7063 ||| INVOKING Heroism.
  7068 | D:10     | Received a gift from Okawaru
  7112 | D:10     | 7112 ||| INVOKING Heroism.
  7183 | D:10     | Found Kedikeom's Assorted Antiques.
  7191 | D:10     | 7191 ||| BUYING scroll labelled QEMNOUWKISCH (27 gold).
  7191 | D:10     | Bought a scroll labelled QEMNOUWKISCH for 27 gold pieces
  7191 | D:10     | 7191 ||| BUYING scroll labelled UBAACK SUOMOM (27 gold).
  7191 | D:10     | Bought a scroll labelled UBAACK SUOMOM for 27 gold pieces
  7191 | D:10     | 7191 ||| BUYING scroll of teleportation (81 gold).
  7191 | D:10     | Bought a scroll of teleportation for 81 gold pieces
  7209 | D:10     | Found a portal to a secret trove of treasure.
  7231 | D:10     | 7231 ||| READING scroll of enchant armour.
  7231 | D:10     | 7231 ||| ENCHANTING +0 cloak.
  7395 | D:10     | Found Enitze's Weapon Shop.
  7516 | D:10     | Reached skill level 19 in Ranged Weapons
  7695 | D:10     | 7695 ||| DROPPING +0 ring mail.
  7696 | D:10     | 7696 ||| DROPPING +6 ring of intelligence.
  7697 | D:10     | 7697 ||| UPGRADING to ring of see invisible.
  7699 | D:10     | 7699 ||| UPGRADING to ring of protection from cold.
  7701 | D:10     | 7701 ||| READING scroll labelled QEMNOUWKISCH.
  7702 | D:10     | 7702 ||| READING scroll labelled UBAACK SUOMOM.
  7837 | D:11     | Found a staircase to the Lair.
  7838 | D:11     | Noticed an oklob plant
  7839 | D:11     | 7839 ||| INVOKING Heroism.
  7842 | D:11     | Killed an oklob plant
  7888 | D:11     | Noticed Fannar
  7890 | D:11     | 7890 ||| INVOKING Heroism.
  7904 | D:11     | Killed Fannar
  7905 | D:11     | Reached skill level 6 in Invocations
  7933 | D:11     | 7933 ||| FLEEEEING.
  8054 | D:11     | Noticed Amaemon
  8054 | D:11     | Noticed a boulder beetle
  8055 | D:11     | 8055 ||| INVOKING Heroism.
  8061 | D:11     | Killed Amaemon
  8062 | D:11     | Reached skill level 9 in Dodging
  8082 | D:11     | Killed a boulder beetle
  8107 | D:11     | 8107 ||| READING scroll of enchant armour.
  8107 | D:11     | 8107 ||| ENCHANTING +1 cloak.
  8132 | D:11     | Noticed a two-headed ogre
  8133 | D:11     | 8133 ||| INVOKING Heroism.
  8136 | D:11     | Killed a two-headed ogre
  8136 | D:11     | Reached ***** piety under Okawaru
  8372 | D:11     | 8372 ||| PLANNING LAIR
  8372 | D:11     | 8372 ||| READING scroll labelled PAJOSEAZX LUOP.
  8373 | D:11     | 8373 ||| DRINKING 3 fuming cyan potions.
  8374 | D:11     | 8374 ||| DROPPING 2 potions of degeneration.
  8424 | Lair:1   | Entered Level 1 of the Lair of Beasts
  8425 | Lair:1   | 8425 ||| INVOKING Heroism.
  8438 | Lair:1   | 8438 ||| STAIRDANCE
  8441 | D:11     | Reached XP level 12. HP: 22/68 MP: 18/18
  8602 | Lair:1   | 8602 ||| INVOKING Heroism.
  8764 | Lair:1   | 8764 ||| INVOKING Heroism.
  8779 | Lair:1   | Reached skill level 20 in Ranged Weapons
  8918 | Lair:1   | Reached skill level 9 in Invocations
  8935 | Lair:1   | 8935 ||| INVOKING Heroism.
  8942 | Lair:1   | Received a gift from Okawaru
  9012 | Lair:1   | 9012 ||| DROPPING +2 longbow of freezing.
  9059 | Lair:1   | Noticed a death yak
  9059 | Lair:1   | Noticed a death yak
  9060 | Lair:1   | 9060 ||| INVOKING Heroism.
  9061 | Lair:1   | 9061 ||| INVOKING Finesse.
  9066 | Lair:1   | Killed a death yak
  9066 | Lair:1   | Noticed a death yak
  9067 | Lair:1   | Reached skill level 6 in Fighting
  9070 | Lair:1   | Killed a death yak
  9071 | Lair:1   | Noticed a death yak
  9072 | Lair:1   | Killed a death yak
  9074 | Lair:1   | Noticed a death yak
  9082 | Lair:1   | Killed a death yak
  9088 | Lair:1   | Killed a death yak
  9677 | Lair:2   | Noticed a catoblepas
  9678 | Lair:2   | 9678 ||| INVOKING Heroism.
  9679 | Lair:2   | 9679 ||| INVOKING Finesse.
  9691 | Lair:2   | 9691 ||| Stepping ~*~*~tactically~*~*~ (cloud).
  9692 | Lair:2   | 9692 ||| Stepping ~*~*~tactically~*~*~ (cloud).
  9693 | Lair:2   | 9693 ||| Stepping ~*~*~tactically~*~*~ (cloud).
  9699 | Lair:2   | Killed a catoblepas
  9739 | Lair:2   | You fall into a shaft and drop 1 floor!
  9760 | Lair:3   | Identified the ring of Rucw {MP+9 Int+5 Slay+3 SInv}
  9801 | Lair:3   | Found a staircase to the Shoals.
  9896 | Lair:3   | 9896 ||| UPGRADING to ring of Rucw {MP+9 Int+5 Slay+3
                  | SInv}.
 10001 | Lair:2   | 10001 ||| INVOKING Heroism.
 10029 | Lair:2   | Reached XP level 13. HP: 76/76 MP: 20/20
 10070 | Lair:2   | Noticed Gastronok
 10071 | Lair:2   | 10071 ||| INVOKING Heroism.
 10082 | Lair:2   | Killed Gastronok
 10083 | Lair:2   | Reached skill level 12 in Dodging
 10095 | Lair:2   | 10095 ||| READING 6 scrolls of identify.
 10095 | Lair:2   | 10095 ||| IDENTIFYING sedimented white potion
 10104 | Lair:2   | 10104 ||| DROPPING potion of invisibility.
 10107 | Lair:2   | 10107 ||| INVOKING Heroism.
 10244 | Lair:2   | 10244 ||| READING scroll of enchant weapon.
 10244 | Lair:2   | 10244 ||| ENCHANTING +4 longbow of freezing.
 10286 | Lair:2   | Received a gift from Okawaru
 10342 | Lair:2   | 10342 ||| INVOKING Heroism.
 10481 | Lair:2   | Found a hole to the Spider Nest.
 10508 | Lair:2   | 10508 ||| UPGRADING to scarf of resistance.
 11362 | Lair:4   | 11362 ||| INVOKING Heroism.
 11363 | Lair:4   | 11363 ||| INVOKING Finesse.
 11413 | Lair:4   | 11413 ||| INVOKING Heroism.
 11658 | Lair:4   | 11658 ||| INVOKING Heroism.
 11798 | Lair:4   | 11798 ||| INVOKING Heroism.
 11942 | Lair:4   | 11942 ||| READING scroll of enchant weapon.
 11942 | Lair:4   | 11942 ||| ENCHANTING +5 longbow of freezing.
 12108 | Lair:4   | 12108 ||| READING scroll of brand weapon.
 12108 | Lair:4   | 12108 ||| BRANDING +6 longbow of freezing.
 12314 | Lair:4   | 12314 ||| DROPPING scarf of harm.
 12315 | Lair:4   | 12315 ||| DROPPING +6 ring of strength.
 12316 | Lair:4   | 12316 ||| UPGRADING to +6 ring of dexterity.
 12318 | Lair:4   | 12318 ||| DROPPING ring of see invisible.
 12319 | Lair:4   | 12319 ||| DROPPING ring of protection from cold.
 12369 | Lair:5   | Entered Level 5 of the Lair of Beasts
 12379 | Lair:5   | 12379 ||| INVOKING Heroism.
 12382 | Lair:5   | 12382 ||| Stepping ~*~*~tactically~*~*~ (cloud).
 12388 | Lair:5   | 12388 ||| Stepping ~*~*~tactically~*~*~ (cloud).
 12391 | Lair:5   | 12391 ||| Stepping ~*~*~tactically~*~*~ (cloud).
 12393 | Lair:5   | 12393 ||| Stepping ~*~*~tactically~*~*~ (cloud).
 12509 | Lair:5   | 12509 ||| INVOKING Heroism.
 12613 | Lair:5   | 12613 ||| INVOKING Heroism.
 12644 | Lair:5   | 12644 ||| INVOKING Heroism.
 12662 | Lair:5   | HP: 9/78 [spriggan rider/+0 spear (25)]
 12662 | Lair:5   | Slain by a spriggan

Levels and vault maps discovered:
D:1:      tarquinn_simple_flora_water_a, layout_loops_cross
D:2:      layout_rooms, hex_intersection, uniq_sigmund
D:3:      layout_loops_corners, hellmonk_ghost_happy_afterlife, uniq_grinder,
          uniq_ijyb, uniq_terence
D:4:      layout_basic, serial_aquarium, aquarium_bridge_square
          [aquarium_subvault_wall, aquarium_subvault_wall,
          aquarium_subvault_window, aquarium_subvault_bridge],
          aquarium_window_corner, aquarium_window_corridor_3, aquarium_view_2d,
          aquarium_pool_side
D:5:      layout_basic, minmay_temple_entry_ruins, nicolae_shop_dragon_depot,
          minmay_misc_feat_hallway
D:6:      layout_loops_ring, mainiacjoe_overflow_brackets,
          nicolae_qazlal_scattered_showers, gammafunk_ghost_nasty_kobolds,
          minivault_22
D:7:      layout_basic, enter_bailey_5, uniq_joseph
D:8:      layout_gridville, kennysheep_mini_moat
D:9:      layout_loops_ring, orc_0_dummy
D:10:     layout_long_grid, nicolae_trove_entry_isolated, serial_shops, shop,
          nicolae_inconvenience_store
D:11:     layout_basic, dpeg_oklobed_lair, nicolae_two_hexagons, uniq_fannar,
          uniq_amaemon
Temple:   hellmonk_temple_divided_pantheon
Lair:1:   layout_cave_pods, grunt_megastairs_1, lemuel_fruit_fields
Lair:2:   layout_regular_city, hellmonk_spider_entry_life_and_decay,
          serial_bayou, serial_bayou_pond_a, serial_bayou_lagoon_a,
          serial_bayou_crossing, serial_bayou_lake_a, uniq_gastronok
Lair:3:   layout_chaotic_city, shoals_dummy_entry, chequers_serial_rivers_marsh,
          eino_small_chamber_without_monster
Lair:4:   layout_cave_pods, nicolae_lair_grove_arrangements,
          chequers_serial_rivers_large_b, serial_bayou_pond_b
Lair:5:   minmay_lair_end_enchanted_forest, layout_hall_layers,
          dpeg_slime_entry_enclosed

Skill      XL: |  1  2  3  4  5  6  7  8  9 10 11 12 13 |
---------------+----------------------------------------+-----
Ranged Weapons | 6 9 10 12 13 15 18 19 20 | 20.0
Dodging        | 3 5 6 7 9 11 13 | 13.9
Fighting       | 2 3 4 5 7 8 |  8.2
Armour         | 1 2 3 |  3.1
Invocations    | 1 4 7 10 | 10.1
Stealth        | |  1.2

Action                     |  1- 3 |  4- 6 |  7- 9 | 10-12 | 13-15 || total
---------------------------+-------+-------+-------+-------+-------++-------
   Fire: Shortbow          |    75 |    92 |       |       |       ||   167
         Longbow           |       |     2 |   262 |   539 |   203 ||  1006
 Invoke: Heroism           |       |       |    10 |    19 |    11 ||    40
         Finesse           |       |       |       |     2 |     1 ||     3
    Use: Scroll            |     3 |     7 |    10 |     7 |     4 ||    31
         Potion            |       |     2 |     5 |     2 |       ||     9
 Armour: Leather armour    |     8 |     8 |       |    21 |    15 ||    52
         Ring mail         |       |       |    50 |    22 |       ||    72
  Dodge: Dodged            |    10 |    13 |   101 |   126 |    76 ||   326
  Block: Other             |       |       |    31 |    33 |    21 ||    85
         Reflection        |       |       |     2 |       |     1 ||     3

Table legend:
 A = Non-vault XP
 B = Vault XP
 C = Vault XP percentage of total XP
 D = Non-vault monster count
 E = Vault monster count
 F = Vault count percentage of total count
                 A         B        C        D         E       F
            +---------+---------+-------+---------+---------+-------
      Total |   42404 |    9308 |  18.0 |     341 |      36 |   9.5
            +---------+---------+-------+---------+---------+-------
        D:1 |      54 |       0 |   0.0 |      22 |       0 |   0.0
        D:2 |      30 |     223 |  88.1 |      15 |       1 |   6.2
        D:3 |      20 |     346 |  94.5 |      11 |       3 |  21.4
        D:4 |     430 |       0 |   0.0 |      22 |       0 |   0.0
        D:5 |     758 |       0 |   0.0 |      19 |       0 |   0.0
        D:6 |    1098 |       0 |   0.0 |      25 |       0 |   0.0
        D:7 |    1847 |     492 |  21.0 |      33 |       5 |  13.2
        D:8 |    3781 |       0 |   0.0 |      33 |       0 |   0.0
        D:9 |    4428 |       0 |   0.0 |      39 |       0 |   0.0
       D:10 |    2555 |       0 |   0.0 |      13 |       0 |   0.0
       D:11 |    3313 |    2552 |  43.5 |      16 |       4 |  20.0
     Lair:1 |    9379 |    1472 |  13.6 |      27 |       8 |  22.9
     Lair:2 |    6298 |    1959 |  23.7 |      28 |       3 |   9.7
     Lair:3 |    3489 |       0 |   0.0 |      23 |       0 |   0.0
     Lair:4 |    3333 |      93 |   2.7 |      11 |       1 |   8.3
     Lair:5 |    1591 |    2171 |  57.7 |       4 |      11 |  73.3
            +---------+---------+-------+---------+---------+-------
